 Dungeon Sprint DCSS version 0.21.1-1-g345015fe64 (webtiles) character file.

7300 Denreik the Warrior (level 11, 0/103 HPs)
             Began as a Formicid Fighter on May 19, 2018.
             Was an Initiate of Zin.
             Slain by a catoblepas (6 damage)
             ... in the Dungeon (Sprint IX: "|||||||||||||||||||||||||||||").
             The game lasted 00:07:16 (1542 turns).

Denreik the Warrior (Formicid Fighter)              Turns: 1542, Time: 00:07:16

Health: 0/103      AC: 18    Str: 26    XL:     11   Next: 34%
Magic:  14/19      EV:  2    Int:  9    God:    Zin [......]
Gold:   0          SH:  0    Dex: 10    Spells: 10/10 levels left

rFire    . . .     SeeInvis +   t - +0 lajatang
rCold    . . .     Gourm    .   c - +0 shield
rNeg     + + +     Faith    .   u - +0 plate armour
rPois    ∞         Spirit   .   (helmet unavailable)
rElec    .         Reflect  .   a - +0 cloak
rCorr    .         Harm     .   (no gloves)
MR       +....                  (no boots)
Stlth    ..........             (no amulet)
HPRegen  0.27/turn              v - +3 ring of strength
MPRegen  0.16/turn              w - +2 ring of protection

@: petrified
A: permanent stasis, dig shafts and tunnels, four strong arms, antennae 3
a: Dig, Donate Gold, Renounce Religion


You were in the Dungeon.
You worshipped Zin.
Zin was noncommittal.
You were not hungry.

You visited 1 branch

Inventory:

Hand Weapons
 r - a +2 dire flail of venom
 s - a +2 halberd of venom
 t - a +0 lajatang (weapon)
Armour
 a - a +0 cloak (worn)
 b - a +0 scale mail
 c - a +0 shield (worn)
 u - a +0 plate armour (worn)
Magical Staves
 l - a cursed staff of poison
 q - an uncursed staff of energy
Jewellery
 v - a +3 ring of strength (left hand)
 w - a +2 ring of protection (right hand)
Wands
 p - a wand of iceblast (10)
Scrolls
 k - 5 scrolls of blinking
 n - 3 scrolls of remove curse
 o - 2 scrolls of amnesia
 x - a scroll of fear
 y - a scroll of identify
Potions
 d - a potion of might
 e - 6 potions of curing
 g - 8 potions of heal wounds
 h - a potion of haste
 i - 4 potions of magic
 j - 3 potions of berserk rage
 m - a potion of invisibility
Comestibles
 f - 2 rations


   Skills:
 - Level 15.6 Fighting
 - Level 13.3 Staves
 - Level 11.1 Armour
 - Level 14.2 Shields
 * Level 10.7 Invocations


You had 10 spell levels left.
You didn't know any spells.

Dungeon Overview and Level Annotations

Branches:
Dungeon (1/1)

Altars:
Cheibriados
Dithmenos
Elyvilon
Fedhas
Gozag
Hepliaklqana
Kikubaaqudgha
Makhleb
Nemelex Xobeh
Okawaru
Qazlal
Ru
Sif Muna
Trog
Uskayaw
Vehumet
Wu Jian
Xom
Yredelemnul
Zin
The Shining One
Beogh
Jiyva
Lugonu


Innate Abilities, Weirdness & Mutations

You cannot be hasted, slowed, berserked, paralysed or teleported.
You can dig through walls and to a lower floor.
Your four strong arms can wield two-handed weapons with a shield.
You have a pair of large antennae on your head. (SInv)


Message History

The catoblepas is severely wounded.
You are engulfed in calcifying dust.
You are slowing down.
The catoblepas gores you!!
* * * LOW HITPOINT WARNING * * *
You slice the catoblepas!!
You kill the catoblepas!
Your Invocations skill increases to level 10!
You are engulfed in calcifying dust.
Your limbs have turned to stone.
The catoblepas breathes a plume of calcifying dust at you.
The blast of calcifying dust hits you!
You have turned to stone.
You are engulfed in calcifying dust. x2
The catoblepas gores you!!
* * * LOW HITPOINT WARNING * * *
You are engulfed in calcifying dust.
The catoblepas barely misses you.
The catoblepas gores you but does no damage.
The catoblepas gores you!
* * * LOW HITPOINT WARNING * * *
The catoblepas gores you!
You die...

▓_▓.▓.▓
{
▓_▓.▓.▓
{
▓_▓.▓.▓
{
▓_▓.▓.▓
{
▓_▓)▓.▓
{
▓_▓.▓.▓
{
▓_▓.▓.▓
{
▓_▓.▓.▓
▓'▓.▓@▓
{
▓.▓.▓Y▓
{
▓.▓.▓Y▓
{
▓.▓.▓Y▓
{
▓)▓.▓Y▓
{
▓.▓.▓Y▓
▓[▓.▓.▓
{
▓.▓.▓.▓
▓.▓.▓{
{


You could see 2 death yaks, a catoblepas and 2 yaks.

Vanquished Creatures
  Josephine (D)
  2 catoblepae (D)
  A death yak (D)
  2 black mambas (D)
  A torpor snail (D)
  4 spiny frogs (D)
  A komodo dragon (D)
  A hippogriff (D)
  5 wraiths (D)
  2 basilisks (D)
  3 yaks (D)
  A water moccasin (D)
  A porcupine (D)
  An ice beast (D)
  An ogre (D)
  A centaur (D)
  A crocodile (D)
  4 bullfrogs (D)
  An orc wizard (D)
  2 worker ants (D)
  An adder (D)
  A dart slug (D)
  2 leopard geckos (D)
  3 orcs (D)
  2 bat skeletons (D)
  A bat zombie (D)
  A hobgoblin (D)
  2 jackals (D)
49 creatures vanquished.

Notes
Turn   | Place    | Note
-------+----------+-------------------------------------------
     0 | D        | Denreik the Formicid Fighter began the quest for the Orb.
     0 | D        | Reached XP level 1. HP: 18/18 MP: 1/1
    19 | D        | Reached skill level 5 in Shields
    24 | D        | Reached XP level 2. HP: 20/24 MP: 2/2
    84 | D        | Reached XP level 3. HP: 29/29 MP: 3/3
   105 | D        | Found a roughly hewn altar of Beogh.
   105 | D        | Found a snail-covered altar of Cheibriados.
   105 | D        | Found a shadowy altar of Dithmenos.
   105 | D        | Found a white marble altar of Elyvilon.
   105 | D        | Found a blossoming altar of Fedhas.
   105 | D        | Found an opulent altar of Gozag.
   106 | D        | Found a hazy altar of Hepliaklqana.
   107 | D        | Found a viscous altar of Jiyva.
   108 | D        | Found an ancient bone altar of Kikubaaqudgha.
   109 | D        | Found a corrupted altar of Lugonu.
   110 | D        | Found a burning altar of Makhleb.
   111 | D        | Found a sparkling altar of Nemelex Xobeh.
   112 | D        | Found an iron altar of Okawaru.
   113 | D        | Found a stormy altar of Qazlal.
   114 | D        | Found a sacrificial altar of Ru.
   115 | D        | Found a deep blue altar of Sif Muna.
   116 | D        | Found a bloodstained altar of Trog.
   117 | D        | Found a hide-covered altar of Uskayaw.
   118 | D        | Found a radiant altar of Vehumet.
   119 | D        | Found an ornate altar of the Wu Jian Council.
   120 | D        | Found a shimmering altar of Xom.
   121 | D        | Found a basalt altar of Yredelemnul.
   122 | D        | Found a glowing silver altar of Zin.
   123 | D        | Found a glowing golden altar of the Shining One.
   132 | D        | Became a worshipper of Zin the Law-Giver
   173 | D        | Noticed an ice beast
   173 | D        | Noticed an ogre
   175 | D        | Reached skill level 5 in Fighting
   175 | D        | Reached XP level 4. HP: 34/40 MP: 4/4
   177 | D        | Reached skill level 6 in Fighting
   191 | D        | Killed an ice beast
   191 | D        | Reached skill level 9 in Fighting
   191 | D        | Reached XP level 5. HP: 33/53 MP: 5/5
   193 | D        | Killed an ogre
   193 | D        | Reached skill level 10 in Fighting
   193 | D        | Reached skill level 10 in Shields
   193 | D        | Reached XP level 6. HP: 18/61 MP: 6/6
   406 | D        | Noticed a hippogriff
   406 | D        | Noticed a komodo dragon
   406 | D        | Noticed a yak
   408 | D        | Killed a hippogriff
   408 | D        | Reached skill level 11 in Fighting
   408 | D        | Reached XP level 7. HP: 62/68 MP: 7/7
   424 | D        | Killed a komodo dragon
   428 | D        | Killed a yak
   428 | D        | Reached XP level 8. HP: 19/75 MP: 8/8
   723 | D        | Noticed a wraith
   724 | D        | Noticed a wraith
   726 | D        | Noticed Josephine
   728 | D        | Noticed a wraith
   729 | D        | Noticed a wraith
   731 | D        | Noticed a wraith
   746 | D        | Killed Josephine
   746 | D        | Reached XP level 9. HP: 36/81 MP: 9/9
   766 | D        | Reached skill level 10 in Staves
   766 | D        | Reached skill level 10 in Armour
  1088 | D        | Noticed a spiny frog
  1088 | D        | Noticed a black mamba
  1088 | D        | Noticed a black mamba
  1096 | D        | Killed a spiny frog
  1108 | D        | Noticed a spiny frog
  1114 | D        | Killed a black mamba
  1114 | D        | Reached XP level 10. HP: 62/88 MP: 10/10
  1123 | D        | Killed a black mamba
  1143 | D        | Reached skill level 12 in Fighting
  1152 | D        | Killed a spiny frog
  1152 | D        | Reached skill level 13 in Fighting
  1181 | D        | Noticed a spiny frog
  1181 | D        | Noticed a torpor snail
  1188 | D        | Killed a spiny frog
  1195 | D        | Killed a torpor snail
  1195 | D        | Reached skill level 14 in Fighting
  1196 | D        | Noticed a spiny frog
  1228 | D        | Reached skill level 15 in Fighting
  1234 | D        | Killed a spiny frog
  1234 | D        | Reached XP level 11. HP: 34/103 MP: 11/11
  1510 | D        | Noticed a death yak
  1510 | D        | Noticed a catoblepas
  1510 | D        | Noticed a catoblepas
  1510 | D        | Noticed a catoblepas
  1510 | D        | Noticed a death yak
  1515 | D        | Noticed a death yak
  1515 | D        | Killed a death yak
  1520 | D        | Killed a catoblepas
  1536 | D        | Killed a catoblepas
  1536 | D        | Reached skill level 10 in Invocations
  1542 | D        | Slain by a catoblepas

Skill      XL: |  1  2  3  4  5  6  7  8  9 10 11 |
---------------+----------------------------------+-----
Shields        | 5 8 10 12 14 | 14.2
Fighting       | 5 9 10 11 15 | 15.6
Armour         | 8 9 10 11 | 11.1
Staves         | 8 12 13 | 13.3
Invocations    | 10 | 10.7

Action                   |  1- 3 |  4- 6 |  7- 9 | 10-12 || total
-------------------------+-------+-------+-------+-------++-------
Melee: Quarterstaff      |    35 |       |       |       ||    35
       Lajatang          |     1 |    29 |   101 |    83 ||   214
  Use: Potion            |       |       |       |     1 ||     1
  Eat: Chunk             |       |       |       |     2 ||     2
Armor: Scale mail        |    12 |       |       |       ||    12
       Plate armour      |       |    25 |    31 |    20 ||    76
Dodge: Dodged            |     7 |     4 |    12 |     9 ||    32
Block: Shield            |    23 |    12 |    51 |    33 ||   119
